 Dungeon Crawl Stone Soup version 0.30-a0-948-g4fa250aae5 (webtiles) character file.

Game seed: 3581155652006175869

10434 billz999 the Skirmisher (level 11, -11/86 HPs)
             Began as a Gnoll Hunter on Mar 26, 2023.
             Was a Priest of Sif Muna.
             Mangled by Fannar
             ... wielding a staff of cold
              (14 damage)
             ... on level 1 of the Lair of Beasts on Mar 27, 2023.
             The game lasted 00:32:35 (15497 turns).

billz999 the Skirmisher (Gnoll Hunter)             Turns: 15497, Time: 00:32:36

Health: -11/86     AC: 16    Str: 10    XL:     11   Next: 62%
Magic:  0/21       EV: 23    Int: 14    God:    Sif Muna [***...]
Gold:   439        SH:  0    Dex: 15    Spells: 20/23 levels left

rFire   + . .      SeeInvis .    a - +1 shortbow
rCold   . . .      Faith    .    (shield currently unavailable)
rNeg    . . .      Spirit   +    m - +2 ring mail {Will+}
rPois   .          Reflect  .    L - +0 helmet
rElec   .          Rampage  .    J - +0 cloak {rCorr}
rCorr   +                        Q - +1 pair of gloves
Will    +....                    K - +2 pair of boots of Telefiam {rF+}
Stlth   +++                      y - amulet of guardian spirit
HPRegen 0.34/turn                z - +5 ring of evasion
MPRegen 0.17/turn                C - +5 ring of evasion

@: about to teleport, flying, studying Maces & Flails
A: fangs 1, strong nose, distributed training
a: Renounce Religion, Channel Magic, Forget Spell


You were on level 1 of the Lair of Beasts.
You worshipped Sif Muna.
Sif Muna was most pleased with you.
You visited 2 branches of the dungeon, and saw 11 of its levels.
You also visited: Bailey.

You collected 670 gold pieces.
You spent 231 gold pieces at shops.

Inventory:

Hand Weapons
 a - a +1 shortbow (weapon)
 e - the +1 mace "Vaept" {freeze, rElec Int+3}
   (You found it on level 6 of the Dungeon)

   Int:       It affects your intelligence (+3).
   rElec:     It insulates you from electricity.
Missiles
 k - 19 poisoned darts
 G - 2 throwing nets
Armour
 c - a +0 leather armour
 l - +2 fire dragon scales
 m - a +2 ring mail of willpower (worn)
 J - a +0 cloak of preservation (worn)
 K - the +2 pair of boots of Telefiam (worn) {rF+}
   (You found it in a bailey)

   rF:        It protects you from fire.
 L - a +0 helmet (worn)
 Q - a +1 pair of gloves (worn)
Jewellery
 y - an amulet of guardian spirit (around neck)
 z - a +5 ring of evasion (left hand)
 C - a +5 ring of evasion (right hand)
 F - a ring of poison resistance
Wands
 o - a wand of flame (23)
 H - a wand of polymorph (9)
 M - a wand of paralysis (6)
 T - a wand of digging (5)
Scrolls
 b - 2 scrolls of immolation
 d - 3 scrolls of teleportation
 f - a scroll of enchant weapon
 j - 6 scrolls of amnesia
 u - 2 scrolls of fog
 w - a scroll of enchant armour
 A - a scroll of poison
 B - 2 scrolls of vulnerability
 I - 3 scrolls of fear
 R - a scroll of identify
 U - a scroll of blinking
Potions
 g - 2 potions of flight
 h - 2 potions of resistance {unknown}
 i - a potion of cancellation {unknown}
 n - a potion of lignification {unknown}
 p - 2 potions of magic {unknown}
 q - a potion of ambrosia {unknown}
 r - 3 potions of attraction {unknown}
 s - a potion of mutation {unknown}
 t - 3 potions of haste {unknown}
 v - a potion of degeneration {unknown}
 x - 2 potions of berserk rage {unknown}
 D - 2 potions of heal wounds {unknown}
 E - 3 potions of curing
 N - 2 potions of might {unknown}
Miscellaneous
 O - a phial of floods (inert)
 S - a tin of tremorstones (inert)


   Skills:
 + Level 8.2 Fighting
 + Level 6.7 Short Blades
 + Level 6.7 Long Blades
 + Level 6.7 Axes
 + Level 8.2 Maces & Flails
 + Level 6.7 Polearms
 + Level 6.7 Staves
 + Level 10.8 Ranged Weapons
 + Level 6.7 Throwing
 + Level 6.7 Armour
 + Level 8.2 Dodging
 + Level 7.1 Stealth
 + Level 6.7 Shields
 + Level 6.7 Unarmed Combat
 + Level 6.7 Spellcasting
 + Level 5.5 Conjurations
 + Level 5.5 Hexes
 + Level 5.5 Summonings
 + Level 5.5 Necromancy
 + Level 5.5 Translocations
 + Level 5.5 Transmutations
 + Level 5.5 Fire Magic
 + Level 5.5 Ice Magic
 + Level 5.5 Air Magic
 + Level 5.5 Earth Magic
 + Level 5.5 Poison Magic
 + Level 7.3 Invocations
 + Level 6.7 Evocations


You had 20 spell levels left.
You knew the following spells:

 Your Spells              Type           Power      Damage    Failure   Level
a - Stone Arrow           Conj/Erth      40%        3d9       10%         3

Your spell library contained the following spells:

 Spells                   Type           Power      Damage    Failure   Level
 Necrotise                Necr           80%        1d8       3%          1
 Sandblast                Erth           40%        2d10      3%          1
 Passwall                 Tmut/Erth      16%        N/A       4%          2
 Gell's Gravitas          Tloc           20%        N/A       10%         3
 Ozocubu's Armour         Ice            20%        N/A       10%         3
 Teleport Other           Tloc           20%        N/A       10%         3
 Vampiric Draining        Necr           20%        2d7       10%         3
 Agony                    Necr           20%        N/A       67%         5
 Yara's Violent Unravell  Hex/Tmut       10%        3d6       67%         5
 Dispersal                Tloc           10%        N/A       99%         6
 Enfeeble                 Hex            10%        N/A       100%        7
 Ozocubu's Refrigeration  Ice            10%        4d9       100%        7


Dungeon Overview and Level Annotations

Branches:
Dungeon (10/15)            Temple (0/1) D:6            Lair (1/5) D:9
 Bailey (visited)
    Orc: D:9-12

Altars:
Elyvilon
Fedhas
Gozag
Makhleb
Nemelex Xobeh
Ru
Sif Muna
Trog
Uskayaw
Vehumet
Wu Jian
Xom
Yredelemnul
Zin
The Shining One

Shops:
D:2 [   D:5 *

Annotations:
D:7 2 transporters, cheesebisquit's ghost, novice DrFE
D:8 4 transporters
D:10 1 runed translucent door
Lair:1 Fannar


Innate Abilities, Weirdness & Mutations

You have very sharp teeth.
Your uncanny sense of smell can sniff out nearby items.
Your experience applies equally to all skills.


Message History

The ice beast misses you.
Unknown command.
Aiming: Mindburst
Press: ? - help, Shift-Dir - straight line, f/p - Fannar
Aim: Fannar, wielding a staff of cold and wearing a +1 robe of cold resistance (moderately wounded, chance to affect: 37%) Fannar resists with some effort.
The now-empty wand crumbles to dust.
Fannar says, "Does this not give you the chills?"
Fannar completely misses you. The ice beast misses you.
Unknown command.
Aiming: Throw Flame
Press: ? - help, Shift-Dir - straight line, f/p - Fannar
Aim: Fannar, wielding a staff of cold and wearing a +1 robe of cold resistance (moderately wounded, 57% to hit)
The puff of flame misses Fannar.
The puff of flame hits the bullfrog!
You kill the bullfrog!
Sif Muna accepts your kill. Fannar hits you with a staff of cold.
* * * LOW HITPOINT WARNING * * *
Fannar freezes you.
* * * LOW HITPOINT WARNING * * *
The ice beast hits you but does no damage.
Unknown command.
It was a potion of flight.
You feel very buoyant.
You fly up into the air.
Fannar completely misses you. The ice beast completely misses you.
Okay, then.
As you read the scroll of teleportation, it crumbles to dust.
You feel strangely unstable. Fannar hits you but does no damage.
Fannar freezes you!
* * * LOW HITPOINT WARNING * * *
The ice beast misses you. Fannar attacks as you move away!
Fannar barely misses you. The ice beast completely misses you.
The ice beast attacks as you move away! The ice beast closely misses you.
The ice beast attacks as you move away!
The ice beast hits you but does no damage.
Fannar attacks as you move away! Fannar hits you with a staff of cold.
* * * LOW HITPOINT WARNING * * *
Fannar freezes you!
You die...

.#........>....P##........##
.##......##....# ###(>....##
...##..###.....## #.......P#
....##.###......###........#
.......#.........##........#
..................#.......##
.................>.......##
.#P.....................##
###..........[.Y@.#....##
###..##......e..##..##
#..#######F##.##.## ....
#.####### ....# #..# ..#.#
♣.....# ~~.. P.. ~~♣~~....


You could see Fannar, an ice beast (summoned) and a bullfrog.

Vanquished Creatures
  2 orc knights (Bailey)
  Pikel (D:9)
  2 cyclopes
  A manticore (D:10)
  A gargoyle (D:10)
  A freezing wraith (D:9)
  An unseen horror (D:9)
  Psyche (D:9)
  A hornet (D:10)
  A shadow (D:9)
  A vampire (D:10)
  3 yaks (D:9)
  2 wraiths
  Grum (D:9)
  Eustachio (D:5)
  2 acid dragons
  8 orc warriors
  4 black bears
  A hornet zombie (D:6)
  3 ogres
  2 wolves (D:9)
  8 centaurs
  A phantom (D:4)
  A lemure (D:9)
  2 kobold brigands
  Blork the orc (D:4)
  3 bullfrogs
  2 gnoll sergeants
  A scorpion (D:9)
  A wyvern zombie (D:6)
  11 wights
  3 killer bees (D:9)
  5 howler monkeys
  An electric eel (D:6)
  A crimson imp (D:3)
  A bullfrog zombie (D:6)
  4 centaur zombies (D:6)
  A gnoll bouda (D:5)
  8 hounds
  4 sleepcaps
  Jessica (D:2)
  2 iguanas
  Natasha (thrice) (D:2)
  5 orc wizards
  Robin (D:4)
  15 gnolls
  8 adders
  3 white imps (D:7)
  A worm (D:2)
  10 dart slugs
  36 orcs
  10 ball pythons
  6 bats
  7 endoplasms
  7 giant cockroaches
  16 goblins
  7 hobgoblins
  2 jackals (D:1)
  4 quokkas
  4 frilled lizards
  19 kobolds
  6 rats
272 creatures vanquished.

Vanquished Creatures (others)
  An electric eel (D:6)
  21 fungi (D:9)
  22 plants
44 creatures vanquished.

Grand Total: 316 creatures vanquished

Notes
Turn   | Place    | Note
-------+----------+-------------------------------------------
     0 | D:1      | billz999 the Gnoll Hunter began the quest for the Orb.
     0 | D:1      | Reached XP level 1. HP: 20/20 MP: 1/1
    89 | D:1      | Reached XP level 2. HP: 26/26 MP: 2/2
   289 | D:1      | Reached XP level 3. HP: 31/31 MP: 3/3
   398 | D:1      | Reached skill level 1 in Invocations
  1043 | D:2      | Noticed Jessica
  1051 | D:2      | Killed Jessica
  1052 | D:2      | Reached skill level 1 in Short Blades
  1052 | D:2      | Reached skill level 1 in Long Blades
  1052 | D:2      | Reached skill level 1 in Axes
  1052 | D:2      | Reached skill level 1 in Maces & Flails
  1052 | D:2      | Reached skill level 1 in Polearms
  1052 | D:2      | Reached skill level 1 in Staves
  1052 | D:2      | Reached skill level 1 in Throwing
  1052 | D:2      | Reached skill level 1 in Armour
  1052 | D:2      | Reached skill level 1 in Shields
  1052 | D:2      | Reached skill level 1 in Unarmed Combat
  1052 | D:2      | Reached skill level 1 in Spellcasting
  1052 | D:2      | Reached skill level 1 in Evocations
  1052 | D:2      | Reached XP level 4. HP: 38/38 MP: 5/5
  1271 | D:2      | Noticed Natasha
  1299 | D:2      | Killed Natasha
  1300 | D:2      | Reached skill level 1 in Conjurations
  1300 | D:2      | Reached skill level 1 in Hexes
  1300 | D:2      | Reached skill level 1 in Summonings
  1300 | D:2      | Reached skill level 1 in Necromancy
  1300 | D:2      | Reached skill level 1 in Translocations
  1300 | D:2      | Reached skill level 1 in Transmutations
  1300 | D:2      | Reached skill level 1 in Fire Magic
  1300 | D:2      | Reached skill level 1 in Ice Magic
  1300 | D:2      | Reached skill level 1 in Air Magic
  1300 | D:2      | Reached skill level 1 in Earth Magic
  1300 | D:2      | Reached skill level 1 in Poison Magic
  1968 | D:2      | Found Xicke's Armour Shop.
  2049 | D:2      | Noticed Natasha
  2060 | D:2      | Killed Natasha
  2061 | D:2      | Reached XP level 5. HP: 39/43 MP: 5/7
  2082 | D:2      | Found Xicke's Armour Shop.
  2624 | D:2      | Noticed Natasha
  2636 | D:2      | Killed Natasha
  3154 | D:3      | Found a blossoming altar of Fedhas.
  3397 | D:3      | Found a sacrificial altar of Ru.
  3466 | D:3      | Found a burning altar of Makhleb.
  3466 | D:3      | Found a shimmering altar of Xom.
  3472 | D:3      | Reached XP level 6. HP: 50/50 MP: 8/8
  3652 | D:4      | Reached skill level 5 in Fighting
  3652 | D:4      | Reached skill level 5 in Dodging
  3711 | D:4      | Noticed Robin
  3737 | D:4      | Noticed Eustachio
  3775 | D:5      | Entered Level 5 of the Dungeon
  3793 | D:4      | Killed Robin
  3952 | D:4      | Reached XP level 7. HP: 47/56 MP: 10/10
  4094 | D:4      | Noticed Blork the orc
  4135 | D:4      | Killed Blork the orc
  4517 | D:4      | Found a sparkling altar of Nemelex Xobeh.
  4666 | D:5      | Found a shimmering blue altar of Sif Muna.
  4731 | D:5      | Became a worshipper of Sif Muna the Loreminder
  4763 | D:5      | Reached skill level 9 in Ranged Weapons
  4882 | D:5      | Reached XP level 8. HP: 57/63 MP: 9/12
  4947 | D:5      | Killed Eustachio
  5103 | D:5      | Found Jaegrient's Assorted Antiques.
  5164 | D:5      | Learned a level 3 spell: Stone Arrow
  5852 | D:6      | Reached * piety under Sif Muna
  6046 | D:6      | Found a staircase to the Ecumenical Temple.
  6398 | D:6      | Reached XP level 9. HP: 69/69 MP: 14/14
  6429 | D:6      | Identified the +1 mace "Vaept" {freeze, rElec Int+3}
  6457 | D:6      | Found a bloodstained altar of Trog.
  6643 | D:6      | Found an opulent altar of Gozag.
  7030 | D:6      | Found a basalt altar of Yredelemnul.
  7050 | D:6      | Reached ** piety under Sif Muna
  7051 | D:6      | Reached skill level 5 in Stealth
  7620 | D:6      | Found a glowing silver altar of Zin.
  8224 | D:7      | Found a transporter.
  8228 | D:7      | Noticed cheesebisquit's ghost (novice DrFE)
  8574 | D:7      | Found a transporter.
  8627 | D:7      | Reached skill level 5 in Invocations
  9473 | D:8      | Found a transporter.
  9478 | D:8      | Found a transporter.
  9480 | D:8      | Found a transporter.
  9588 | D:8      | Found a transporter.
  9977 | D:8      | Found a white marble altar of Elyvilon.
 10442 | D:9      | Noticed Psyche
 10450 | D:9      | Killed Psyche
 10545 | D:9      | Found a radiant altar of Vehumet.
 10571 | D:9      | Noticed a cyclops
 10580 | D:9      | Reached skill level 5 in Maces & Flails
 10585 | D:9      | Reached skill level 5 in Short Blades
 10585 | D:9      | Reached skill level 5 in Long Blades
 10585 | D:9      | Reached skill level 5 in Axes
 10585 | D:9      | Reached skill level 5 in Polearms
 10585 | D:9      | Reached skill level 5 in Staves
 10585 | D:9      | Reached skill level 5 in Throwing
 10585 | D:9      | Reached skill level 5 in Armour
 10585 | D:9      | Reached skill level 5 in Shields
 10585 | D:9      | Reached skill level 5 in Unarmed Combat
 10585 | D:9      | Reached skill level 5 in Spellcasting
 10585 | D:9      | Reached skill level 5 in Evocations
 10585 | D:9      | Reached XP level 10. HP: 57/77 MP: 11/17
 10592 | D:9      | Reached skill level 10 in Ranged Weapons
 10747 | D:9      | Found a flagged portal.
 10921 | Bailey   | Entered a bailey
 11023 | Bailey   | Noticed an orc knight
 11024 | Bailey   | Noticed an orc knight
 11066 | Bailey   | Killed an orc knight
 11079 | Bailey   | Killed an orc knight
 11270 | Bailey   | Identified the +2 pair of boots of Telefiam {rF+}
 11664 | D:9      | Reached *** piety under Sif Muna
 11822 | D:9      | Found a staircase to the Lair.
 11838 | D:9      | Noticed Pikel
 11889 | D:9      | Killed Pikel
 11890 | D:9      | Reached skill level 5 in Conjurations
 11890 | D:9      | Reached skill level 5 in Hexes
 11890 | D:9      | Reached skill level 5 in Summonings
 11890 | D:9      | Reached skill level 5 in Necromancy
 11890 | D:9      | Reached skill level 5 in Translocations
 11890 | D:9      | Reached skill level 5 in Transmutations
 11890 | D:9      | Reached skill level 5 in Fire Magic
 11890 | D:9      | Reached skill level 5 in Ice Magic
 11890 | D:9      | Reached skill level 5 in Air Magic
 11890 | D:9      | Reached skill level 5 in Earth Magic
 11890 | D:9      | Reached skill level 5 in Poison Magic
 12049 | D:9      | Found a hide-covered altar of Uskayaw.
 12303 | D:2      | Bought a +2 ring mail of willpower for 231 gold pieces
 12573 | D:9      | Killed a cyclops
 12574 | D:9      | Reached XP level 11. HP: 85/85 MP: 7/20
 12594 | D:9      | Noticed Grum
 12616 | D:9      | Killed Grum
 13777 | D:10     | Entered Level 10 of the Dungeon
 14286 | D:10     | Found a glowing golden altar of the Shining One.
 14882 | D:10     | Found an ornate altar of the Wu Jian Council.
 14907 | D:10     | Noticed a cyclops
 14914 | D:10     | Killed a cyclops
 15103 | D:10     | Found a runed translucent door.
 15103 | D:10     | Noticed a manticore
 15206 | D:10     | Noticed an ice dragon
 15216 | D:10     | Killed a manticore
 15410 | Lair:1   | Entered Level 1 of the Lair of Beasts
 15477 | Lair:1   | Noticed Fannar
 15497 | Lair:1   | HP: 3/86 [Fannar/staff of cold (3)]
 15497 | Lair:1   | Mangled by Fannar

Illustrated notes

Levels and vault maps discovered:
D:1:      minmay_arrival_open_corners, layout_basic, st_stairs_11,
          nrook_mini_vaults
D:2:      layout_loops_corners, serial_shops, nicolae_shop_hallway_plus,
          minmay_misc_feat_tiny, uniq_natasha, uniq_jessica
D:3:      layout_loops_cross, grunt_temple_overflow_champion_of_chaos,
          lemuel_tele_altar, mainiacjoe_overflow_catwalk, due_unseen_surprise
D:4:      kennysheep_big_flooded_room, layout_cave_pools,
          nemelex_diamond_rough_becter, minmay_misc_feat_iff,
          uniq_blork_the_orc, uniq_eustachio, uniq_robin
D:5:      layout_basic, mainiacjoe_overflow_concentric_impassable, serial_shops,
          shop, nrook_campfire
D:6:      kennysheep_slugbush, layout_layer_cave,
          pdpol_temple_overflow_zin_treasury_gozag_greed,
          trog_three_pillars_becter, nicolae_yredelemnul_corpse_copse,
          minmay_temple_entry_large_hall, serial_glass, glass_columns_b,
          glass_columns_a, glass_columns_a
D:7:      layout_loops_corners, gammafunk_ghost_stat_death
D:8:      layout_basic, mainiacjoe_overflow_six_doors_small,
          nicolae_diode_quadrants
D:9:      wad_river_or_something, layout_loops_ring, old_standard_altar,
          mainiacjoe_overflow_cross_hatched, grunt_lair_entry_orc_guard_hut,
          enter_bailey_2, minmay_bent, uniq_psyche, uniq_pikel, uniq_grum
D:10:     layout_loops_corners, nicolae_overflow_hidden_temple,
          nzn_wu_jian_contemplation, minivault_13
Lair:1:   layout_gridlike, serial_bayou, serial_bayou_pond_a,
          serial_bayou_lagoon_a, serial_bayou_lake_a, serial_bayou_shore_b,
          uniq_fannar

Skill      XL: |  1  2  3  4  5  6  7  8  9 10 11 |
---------------+----------------------------------+-----
Invocations    | 1 2 3 4 5 6 7 |  7.3
Short Blades   | 1 2 3 5 6 |  6.7
Long Blades    | 1 2 3 5 6 |  6.7
Axes           | 1 2 3 5 6 |  6.7
Maces & Flails | 1 2 3 5 7 8 |  8.2
Polearms       | 1 2 3 5 6 |  6.7
Staves         | 1 2 3 5 6 |  6.7
Throwing       | 1 2 3 5 6 |  6.7
Armour         | 1 2 3 5 6 |  6.7
Shields        | 1 2 3 5 6 |  6.7
Unarmed Combat | 1 2 3 5 6 |  6.7
Spellcasting   | 1 2 3 5 6 |  6.7
Evocations     | 1 2 3 5 6 |  6.7
Conjurations   | 1 2 3 4 5 |  5.5
Hexes          | 1 2 3 4 5 |  5.5
Summonings     | 1 2 3 4 5 |  5.5
Necromancy     | 1 2 3 4 5 |  5.5
Translocations | 1 2 3 4 5 |  5.5
Transmutations | 1 2 3 4 5 |  5.5
Fire Magic     | 1 2 3 4 5 |  5.5
Ice Magic      | 1 2 3 4 5 |  5.5
Air Magic      | 1 2 3 4 5 |  5.5
Earth Magic    | 1 2 3 4 5 |  5.5
Poison Magic   | 1 2 3 4 5 |  5.5
Stealth        | 3 4 5 6 7 |  7.1
Fighting       | 5 6 7 8 |  8.2
Dodging        | 5 6 7 8 |  8.2
Ranged Weapons | 9 10 | 10.8

Action                     |  1- 3 |  4- 6 |  7- 9 | 10-12 || total
---------------------------+-------+-------+-------+-------++-------
  Melee: Whip              |       |    18 |       |       ||    18
         Bite              |       |     2 |       |     2 ||     4
         Mace              |       |       |     2 |    25 ||    27
         Punch             |       |       |       |     2 ||     2
         Shortbow          |       |       |       |     4 ||     4
   Fire: Shortbow          |    89 |   166 |   467 |   466 ||  1188
  Throw: Dart              |       |    15 |    18 |       ||    33
   Cast: Stone Arrow       |       |       |    30 |    56 ||    86
  Evoke: Wand              |       |     4 |    11 |    21 ||    36
         Tin of tremorston |       |       |       |     2 ||     2
         Phial of floods   |       |       |       |     1 ||     1
    Use: Scroll            |       |       |    13 |     2 ||    15
         Potion            |       |       |       |     1 ||     1
 Armour: Leather armour    |     7 |    21 |    57 |    22 ||   107
         Ring mail         |       |       |       |   120 ||   120
  Dodge: Dodged            |    15 |   154 |   509 |   466 ||  1144

Table legend: (Time is in decaauts)
 A = Elapsed time spent in this place.
 B = Non-inter-level travel time spent in this place.
 C = Inter-level travel time spent in this place.
 D = Time resting spent in this place.
 E = Time spent auto-exploring this place.
 F = Levels seen in this place.
 G = Mean time per level.
                   A        B        C        D        E       F      G
               +--------+--------+--------+--------+--------+-----+--------+
         Total |  15691 |  14497 |   1194 |   2387 |   9484 |  12 | 1307.6 |
       Dungeon |  15053 |  13860 |   1193 |   2285 |   9179 |  10 | 1505.3 |
          Lair |     87 |     87 |      0 |      0 |     63 |   1 |   87.0 |
        Bailey |    551 |    551 |      0 |    101 |    241 |   1 |  551.0 |
               +--------+--------+--------+--------+--------+-----+--------+

Top non-repeatable levels by time:
     D:9: 2603 daAuts
     D:2: 2041 daAuts
     D:6: 1884 daAuts
    D:10: 1637 daAuts
     D:5: 1383 daAuts
     D:8: 1262 daAuts
     D:7: 1216 daAuts
     D:4: 1170 daAuts
     D:1: 1028 daAuts
     D:3: 825 daAuts
  Bailey: 551 daAuts
  Lair:1: 87 daAuts
